 Dungeon Crawl Stone Soup version 0.31-a0-182-gc5ef74bbde (webtiles) character file.

Game seed: 9957958101043580308

567 qw the Chopper (level 7, -7/44 HPs)
             Began as a Gargoyle Fighter on June 20, 2023.
             Mangled by Edmund
             ... wielding a +2 dire flail of protection
              (9 damage)
             ... on level 4 of the Dungeon.
             The game lasted 00:01:36 (2725 turns).

qw the Chopper (Gargoyle Fighter)                   Turns: 2725, Time: 00:01:37

Health: -7/44      AC: 13    Str: 27    XL:     7   Next: 33%
Magic:  7/7        EV: 10    Int:  9    God:
Gold:   127        SH:  4    Dex:  9    Spells: 6/6 levels left

rFire   . . .        Y - +0 war axe
rCold   . . .        c - +0 buckler
rNeg    + . .        b - +0 scale mail
rPois   inf          h - +0 helmet
rElec   +            (no cloak)
rCorr   .            (no gloves)
SInv    .            i - +0 pair of boots
Will    .....        (no amulet) Stlth
                     e - +6 ring of strength
HPRegen 0.27/turn    (no ring)
MPRegen 0.10/turn

%: no passive effects
@: no status effects
A: sickness immunity, AC +4, negative energy resistance 1, electricity
resistance, torment resistance 1, petrification resistance
a: no special abilities


You were on level 4 of the Dungeon.
You visited 1 branch of the dungeon, and saw 4 of its levels.

You collected 183 gold pieces.
You spent 56 gold pieces at shops.


Innate Abilities, Weirdness & Mutations

You are immune to sickness and miasma.
Your stone body is resilient. (AC +4)
You are immune to poison.
You resist negative energy. (rN+)
You are resistant to electric shocks. (rElec)
You are resistant to unholy torment.
You are immune to petrification.


   Skills:
 - Level 5.3 Fighting
 + Level 6.0 Axes
 - Level 3.2 Armour
 - Level 1.0 Dodging
 - Level 3.2 Shields


You had 6 spell levels left.
You didn't know any spells.
Your spell library was empty.

Inventory:

Hand Weapons
 k - a +0 whip
 Y - a +0 war axe (weapon)
Armour
 b - a +0 scale mail (worn)
 c - a +0 buckler (worn)
 h - a +0 helmet (worn)
 i - a +0 pair of boots (worn)
 n - the +3 leather armour of the Pit {+Inv rCorr Dex+3 Stlth-}
   (You found it on level 3 of the Dungeon)

   Dex:       It affects your dexterity (+3).
   +Inv:      It lets you turn invisible.
   rCorr:     It protects you from acid and corrosion.
   Stlth:     It makes you less stealthy.
Jewellery
 e - a +6 ring of strength (left hand)
 j - a ring of fire
Scrolls
 a - a scroll of identify
Potions
 d - a potion of might
 g - a potion of mutation
 m - a potion of lignification

Dungeon Overview and Level Annotations

Branches:
Dungeon (4/15)
 Temple: D:4-7

Altars:

Shops:
D:2 ?

Annotations:
D:4 Edmund


Message History

The orc closely misses you.
Edmund hits you with a +2 dire flail of protection.
The orc hits you with a +0 club. Edmund hits you but does no damage.
2717 ||| DRINKING potion of heal wounds.
You feel much better. The orc closely misses you.
Edmund hits you with a +2 dire flail of protection.
You hit Edmund but do no damage.
Edmund is moderately wounded.
You barely miss the orc. The orc hits you but does no damage.
Edmund hits you with a +2 dire flail of protection.
You hit Edmund but do no damage.
Edmund is moderately wounded.
You closely miss the orc. The orc hits you but does no damage.
Edmund hits you with a +2 dire flail of protection.
You closely miss Edmund.
Edmund is moderately wounded.
You barely miss the orc. The orc hits you but does no damage.
Edmund hits you but does no damage.
You hit Edmund but do no damage.
Edmund is moderately wounded.
You hit the orc. The orc barely misses you. Edmund hits you but does no damage.
You hit the orc.
You kill the orc!
You hit Edmund but do no damage.
Edmund hits you with a +2 dire flail of protection.
Edmund hits you but does no damage.
You slash Edmund!
Edmund is heavily wounded.
Edmund hits you with a +2 dire flail of protection!
You hit Edmund but do no damage.
Edmund is heavily wounded.
Edmund hits you with a +2 dire flail of protection!
You slash Edmund!
Edmund is severely wounded.
Edmund hits you with a +2 dire flail of protection!
You die...

### ..# #.#
#..#####.# >.
..##.# #. #)##.#
####.##@##.# #
...[.J@).).#
...###..#.##.####
..##.#.........#
.. ##.<##.##.#
...##.#.####.# #
#.......%<...#
#........#####
#........#


You could see Edmund and a jelly.

Vanquished Creatures
  Grinder (D:4)
  Sigmund (D:2)
  An orc priest (D:4)
  An orc wizard (D:4)
  Terence (D:2)
  2 gnolls (D:1)
  3 adders (D:3)
  3 worms
  A dart slug (D:1)
  3 orcs (D:4)
  2 ball pythons (D:2)
  7 bats
  9 endoplasms
  3 giant cockroaches
  4 goblins
  A hobgoblin (D:3)
  3 jackals (D:2)
  10 kobolds
  2 quokkas
  3 frilled lizards
  18 rats
79 creatures vanquished.

Notes
Turn   | Place    | Note
-------+----------+-------------------------------------------
     0 | D:1      | qw the Gargoyle Fighter began the quest for the Orb.
     0 | D:1      | Reached XP level 1. HP: 14/14 MP: 1/1
     0 | D:1      | 0 ||| qw: Version: 0.3-a-9-g12657ce
     0 | D:1      | 0 ||| qw: Game counter: 1355
     0 | D:1      | 0 ||| qw: Always use a shield: true
     0 | D:1      | 0 ||| qw: God list: Okawaru
     0 | D:1      | 0 ||| qw: Allow faded altars: false
     0 | D:1      | 0 ||| qw: Do Orc after D:15 true
     0 | D:1      | 0 ||| qw: Do second Lair branch before Depths: true
     0 | D:1      | 0 ||| qw: Lair rune preference: random
     0 | D:1      | 0 ||| qw: Plans: Normal, Zot:1-4, Slime:5, God:TSO, Crypt,
                  | Tomb, Abyss, Pan, Hells, Win
     0 | D:1      | 0 ||| PLANNING D:1-11
    60 | D:1      | Reached skill level 2 in Axes
   162 | D:1      | Reached XP level 2. HP: 19/19 MP: 2/2
   167 | D:1      | 167 ||| Stepping ~*~*~tactically~*~*~ (stealth).
   169 | D:1      | 169 ||| Stepping ~*~*~tactically~*~*~ (stealth).
   170 | D:1      | 170 ||| Stepping ~*~*~tactically~*~*~ (stealth).
   187 | D:1      | 187 ||| DROPPING +0 club.
   254 | D:1      | 254 ||| Stepping ~*~*~tactically~*~*~ (hiding).
   256 | D:1      | 256 ||| Stepping ~*~*~tactically~*~*~ (hiding).
   257 | D:1      | 257 ||| Stepping ~*~*~tactically~*~*~ (hiding).
   456 | D:1      | 456 ||| Stepping ~*~*~tactically~*~*~ (hiding).
   461 | D:1      | Reached skill level 3 in Axes
   461 | D:1      | Reached XP level 3. HP: 23/23 MP: 3/3
   796 | D:1      | 796 ||| Stepping ~*~*~tactically~*~*~ (hiding).
   812 | D:1      | 812 ||| FLEEEEING.
   813 | D:1      | 813 ||| FLEEEEING.
   814 | D:1      | 814 ||| FLEEEEING.
   815 | D:1      | 815 ||| FLEEEEING.
   816 | D:1      | 816 ||| FLEEEEING.
   817 | D:1      | 817 ||| FLEEEEING.
   818 | D:1      | 818 ||| FLEEEEING.
   819 | D:1      | 819 ||| FLEEEEING.
   820 | D:1      | 820 ||| FLEEEEING.
   822 | D:1      | 822 ||| FLEEEEING.
   823 | D:1      | 823 ||| FLEEEEING.
   825 | D:1      | 825 ||| FLEEEEING.
   826 | D:1      | 826 ||| FLEEEEING.
   827 | D:1      | 827 ||| FLEEEEING.
   828 | D:1      | 828 ||| FLEEEEING.
   829 | D:1      | 829 ||| FLEEEEING.
   830 | D:1      | 830 ||| FLEEEEING.
   831 | D:1      | 831 ||| FLEEEEING.
   832 | D:1      | 832 ||| FLEEEEING.
   833 | D:1      | 833 ||| FLEEEEING.
   834 | D:1      | 834 ||| FLEEEEING.
   835 | D:1      | 835 ||| FLEEEEING.
   836 | D:1      | 836 ||| FLEEEEING.
   837 | D:1      | 837 ||| FLEEEEING.
   838 | D:1      | 838 ||| FLEEEEING.
   839 | D:1      | 839 ||| FLEEEEING.
   840 | D:1      | 840 ||| FLEEEEING.
   841 | D:1      | 841 ||| FLEEEEING.
   842 | D:1      | 842 ||| FLEEEEING.
   843 | D:1      | 843 ||| FLEEEEING.
   845 | D:1      | 845 ||| FLEEEEING.
   846 | D:1      | 846 ||| FLEEEEING.
   847 | D:1      | 847 ||| FLEEEEING.
   848 | D:1      | 848 ||| FLEEEEING.
   849 | D:1      | 849 ||| FLEEEEING.
   850 | D:1      | 850 ||| FLEEEEING.
   851 | D:1      | 851 ||| FLEEEEING.
   852 | D:1      | 852 ||| FLEEEEING.
  1196 | D:1      | 1196 ||| UPGRADING to +0 pair of boots.
  1201 | D:1      | 1201 ||| DROPPING scarf of shadows.
  1202 | D:1      | 1202 ||| UPGRADING to +6 ring of strength.
  1203 | D:1      | 1203 ||| DROPPING ring of magical power.
  1204 | D:1      | 1204 ||| READING scroll labelled YZAINOLUGG.
  1329 | D:2      | 1329 ||| Stepping ~*~*~tactically~*~*~ (hiding).
  1339 | D:2      | Reached XP level 4. HP: 28/28 MP: 4/4
  1345 | D:2      | 1345 ||| Stepping ~*~*~tactically~*~*~ (stealth).
  1449 | D:2      | Found Himoj's Magic Scroll Boutique.
  1458 | D:2      | 1458 ||| BUYING scroll of identify (28 gold).
  1458 | D:2      | Bought a scroll of identify for 28 gold pieces
  1458 | D:2      | 1458 ||| BUYING scroll of identify (28 gold).
  1458 | D:2      | Bought a scroll of identify for 28 gold pieces
  1458 | D:2      | 1458 ||| SHOPLISTING scroll of identify (28 gold, have 25).
  1528 | D:2      | 1528 ||| Stepping ~*~*~tactically~*~*~ (stealth).
  1529 | D:2      | 1529 ||| Stepping ~*~*~tactically~*~*~ (stealth).
  1572 | D:2      | Reached skill level 4 in Axes
  1665 | D:2      | Noticed Terence
  1673 | D:2      | Killed Terence
  1990 | D:2      | Noticed Sigmund
  1997 | D:2      | HP: 7/28 [something (3)]
  2001 | D:2      | Killed Sigmund
  2002 | D:2      | Reached skill level 5 in Axes
  2002 | D:2      | Reached XP level 5. HP: 5/32 MP: 5/5
  2002 | D:2      | Reached XP level 6. HP: 6/37 MP: 6/6
  2197 | D:2      | 2197 ||| UPGRADING to +0 helmet.
  2202 | D:2      | 2202 ||| DRINKING 2 murky grey potions.
  2203 | D:2      | 2203 ||| READING 2 scrolls of identify.
  2203 | D:2      | 2203 ||| IDENTIFYING fuming golden potion
  2399 | D:3      | Identified the +3 leather armour of the Pit {+Inv rCorr
                  | Dex+3 Stlth-}
  2515 | D:3      | Reached skill level 1 in Dodging
  2637 | D:3      | 2637 ||| READING scroll labelled KEERIBBUTU.
  2638 | D:3      | 2638 ||| READING scroll labelled SORCHE VAPPIR.
  2643 | D:3      | 2643 ||| READING scroll labelled HAUWUNL FADWI.
  2644 | D:3      | 2644 ||| READING 2 scrolls of identify.
  2644 | D:3      | 2644 ||| IDENTIFYING lumpy blue potion
  2661 | D:4      | 2661 ||| PLANNING SEWER
  2670 | D:4      | Noticed Grinder
  2674 | D:4      | 2674 ||| Stepping ~*~*~tactically~*~*~ (hiding).
  2675 | D:4      | 2675 ||| Stepping ~*~*~tactically~*~*~ (hiding).
  2676 | D:4      | 2676 ||| Stepping ~*~*~tactically~*~*~ (hiding).
  2677 | D:4      | 2677 ||| Stepping ~*~*~tactically~*~*~ (hiding).
  2682 | D:4      | Paralysed by Grinder for 5 turns
  2694 | D:4      | Paralysed by Grinder for 4 turns
  2703 | D:4      | Killed Grinder
  2704 | D:4      | Reached XP level 7. HP: 41/44 MP: 7/7
  2705 | D:4      | Noticed Edmund
  2707 | D:4      | 2707 ||| Stepping ~*~*~tactically~*~*~ (hiding).
  2716 | D:4      | Reached skill level 6 in Axes
  2716 | D:4      | HP: 10/44 [Edmund/+2 dire flail of protection (3)]
  2717 | D:4      | 2717 ||| DRINKING potion of heal wounds.
  2723 | D:4      | HP: 8/44 [Edmund/+2 dire flail of protection (8)]
  2724 | D:4      | HP: 2/44 [Edmund/+2 dire flail of protection (7)]
  2725 | D:4      | Mangled by Edmund

Levels and vault maps discovered:
D:1:      dpeg_arrival_refuge, layout_basic, minmay_rat_gold_closets
D:2:      layout_loops_ring, serial_shops, nicolae_lakefront_shop,
          lexackson_kobold_supper, uniq_sigmund, uniq_terence
D:3:      layout_rooms
D:4:      layout_loops_cross, amethyst_overflow_temple_binary,
          portal_sewer_entry_a, gammafunk_ghost_nasty_kobolds, uniq_pargi,
          uniq_grinder, uniq_edmund, uniq_robin

Skill      XL: |  1  2  3  4  5  6  7 |
---------------+----------------------+-----
Axes           | 2 3 5 6 |  6.0
Dodging        | 1 |  1.0
Fighting       | 5 |  5.3
Armour         | |  3.2
Shields        | |  3.2

Action                     |  1- 3 |  4- 6 |  7- 9 || total
---------------------------+-------+-------+-------++-------
  Melee: War axe           |    91 |   101 |    20 ||   212
  Throw: Boomerang         |     3 |       |       ||     3
    Use: Scroll            |     1 |     5 |       ||     6
         Potion            |       |     1 |     1 ||     2
 Armour: Scale mail        |    30 |    49 |    13 ||    92
  Dodge: Dodged            |    31 |    33 |     5 ||    69
  Block: Buckler           |    13 |    15 |     3 ||    31

Table legend:
 A = Non-vault XP
 B = Vault XP
 C = Vault XP percentage of total XP
 D = Non-vault monster count
 E = Vault monster count
 F = Vault count percentage of total count
                 A         B        C        D         E       F
            +---------+---------+-------+---------+---------+-------
      Total |     250 |     560 |  69.1 |      58 |      21 |  26.6
            +---------+---------+-------+---------+---------+-------
        D:1 |      69 |      10 |  12.7 |      26 |      10 |  27.8
        D:2 |      31 |     260 |  89.3 |      13 |      10 |  43.5
        D:3 |      57 |       0 |   0.0 |      12 |       0 |   0.0
        D:4 |      93 |     290 |  75.7 |       7 |       1 |  12.5
            +---------+---------+-------+---------+---------+-------
